 Dungeon Crawl Stone Soup version 0.26-a0-466-g989023bd0d (webtiles) character file.

Game seed: 5035218934959882678

114 HoaS the Ruffian (level 4, 0/26 HPs)
             Began as a Gargoyle Gladiator on Aug 2, 2020.
             Slain by a shadow imp (4 damage)
             ... summoned by Natasha
             ... on level 3 of the Dungeon.
             The game lasted 00:04:18 (1695 turns).

HoaS the Ruffian (Gargoyle Gladiator)               Turns: 1695, Time: 00:04:19

Health: 0/26       AC: 10    Str: 18    XL:     4   Next: 98%
Magic:  4/4        EV: 11    Int:  9    God:
Gold:   145        SH:  0    Dex: 11    Spells: 3/3 levels left

rFire    . . .     SeeInvis .     - Unarmed
rCold    . . .     Faith    .   (no shield)
rNeg     + . .     Spirit   .   d - +0 ring mail
rPois    ∞         Reflect  .   b - +0 helmet
rElec    +         Harm     .   (no cloak)
rCorr    .                      (no gloves)
MR       .....                  k - +0 pair of boots (curse)
Stlth    +.........             (no amulet)
HPRegen  0.08/turn              (no ring)
MPRegen  0.09/turn              (no ring)

@: slowed, very slow
A: negative energy resistance 1, electricity resistance, unbreathing,
petrification resistance, rot immunity, AC +3
a: no special abilities


You were on level 3 of the Dungeon.
You visited 1 branch of the dungeon, and saw 3 of its levels.

You collected 145 gold pieces.

Inventory:

Missiles
 c - 3 throwing nets (quivered)
 j - 7 poisoned darts
 o - 8 javelins
Armour
 b - a +0 helmet (worn)
 d - a +0 ring mail (worn)
 k - a cursed +0 pair of boots (worn)
Jewellery
 l - an uncursed ring of see invisible {unknown}
 m - a +4 ring of evasion {unknown}
Scrolls
 n - 2 scrolls of immolation {unknown}
 p - a scroll of teleportation {unknown}
Potions
 a - a potion of haste {unknown}
 e - a potion of lignification {unknown}
 f - 2 potions of invisibility
 g - a potion of ambrosia {unknown}
 h - a potion of stabbing {unknown}
 i - a potion of curing {unknown}


   Skills:
 - Level 2.1 Fighting
 - Level 1.7 Throwing
 - Level 2.4 Dodging
 * Level 5.5 Unarmed Combat


You had 3 spell levels left.
You didn't know any spells.
Your spell library was empty.

Dungeon Overview and Level Annotations

Branches:
Dungeon (3/15)

Altars:
Zin

Annotations:
D:3 Jessica, Natasha


Innate Abilities, Weirdness & Mutations

You are resistant to torment.
Your stone body is resilient. (AC +3)
You are immune to poison.
You resist negative energy. (rN+)
You are resistant to electric shocks. (rElec)
You can survive without breathing.
You are immune to petrification.
You are immune to rotting.


Message History

The crimson imp hits you but does no damage.
Natasha closely misses you. The crimson imp misses you.
Natasha barely misses you.
You barely miss Natasha.
The crimson imp hits you but does no damage.
Natasha misses you.
Jessica casts a spell.
Jessica seems to speed up.
You miss Natasha. The crimson imp closely misses you.
Natasha barely misses you.
You completely miss Natasha.
The crimson imp disappears in a puff of smoke!
Natasha mumbles some strange words.
Natasha claws you.
You hit Natasha.
Natasha is lightly wounded.
Natasha claws you.
* * * LOW HITPOINT WARNING * * *
The shadow imp hits you.
You die...

#### #########..# ########
#.(.h......P
.......###############...........
...............5@h@5..†......P..♣
#####..#####.#########......§..≈≈
#..#........# ....#####.#.@≈≈
#..#.###..#.##.##. #..P≈♣≈
#####...........# #. #...♣≈≈
................... .. .......♣
#...........##.##...#. ##..P..≈
#......#.##.# .. ..#. #...P.♣
#.........#.# #.# .


You could see Natasha, a crimson imp (summoned), a shadow imp (summoned) and
Jessica (fast).

Vanquished Creatures
  Natasha (D:3)
  4 adders (D:2)
  An ooze (D:2)
  A worm (D:2)
  A dart slug (D:2)
  An orc (D:3)
  A ball python (D:1)
  3 giant cockroaches
  7 goblins
  5 hobgoblins
  2 jackals (D:2)
  4 kobolds
  6 bats
  5 frilled lizards
  4 rats
46 creatures vanquished.

Notes
Turn   | Place    | Note
-------+----------+-------------------------------------------
     0 | D:1      | HoaS the Gargoyle Gladiator began the quest for the Orb.
     0 | D:1      | Reached XP level 1. HP: 12/12 MP: 1/1
   105 | D:1      | Reached XP level 2. HP: 17/17 MP: 2/2
   615 | D:2      | Reached skill level 4 in Unarmed Combat
   638 | D:2      | Reached XP level 3. HP: 16/21 MP: 3/3
   734 | D:2      | Found a glowing silver altar of Zin.
   947 | D:2      | Reached XP level 4. HP: 26/26 MP: 4/4
  1190 | D:2      | Reached skill level 5 in Unarmed Combat
  1488 | D:3      | Noticed Natasha
  1500 | D:3      | Killed Natasha
  1621 | D:3      | Noticed Natasha
  1660 | D:3      | Noticed Jessica
  1695 | D:3      | Slain by a shadow imp

Illustrated notes

Levels and vault maps discovered:
D:1:      eino_arrival_druids_welcome, layout_basic,
          chequers_serial_rivers_micro_c
D:2:      layout_loops_ring, marbit_many_paths
D:3:      layout_basic, serial_bayou_pond_a, uniq_natasha, uniq_jessica,
          uniq_terence

Skill      XL: |  1  2  3  4 |
---------------+-------------+-----
Unarmed Combat | 4 5 |  5.5
Fighting       | |  2.1
Throwing       | |  1.7
Dodging        | |  2.4

Action                   |  1- 3 |  4- 6 || total
-------------------------+-------+-------++-------
Melee: Unarmed           |   121 |    67 ||   188
       Punch             |       |     2 ||     2
  Use: Scroll            |     3 |       ||     3
Armor: Leather armour    |    32 |       ||    32
       Ring mail         |     1 |    27 ||    28
Dodge: Dodged            |    79 |    40 ||   119

Table legend: (Time is in decaauts)
 A = Elapsed time spent in this place.
 B = Non-inter-level travel time spent in this place.
 C = Inter-level travel time spent in this place.
 D = Time resting spent in this place.
 E = Time spent auto-exploring this place.
 F = Levels seen in this place.
 G = Mean time per level.
                   A        B        C        D        E       F      G
               +--------+--------+--------+--------+--------+-----+--------+
         Total |   1690 |   1656 |     34 |    327 |    924 |   3 |  563.3 |
       Dungeon |   1690 |   1656 |     34 |    327 |    924 |   3 |  563.3 |
               +--------+--------+--------+--------+--------+-----+--------+

Top non-repeatable levels by time:
     D:2: 825 daAuts
     D:1: 587 daAuts
     D:3: 278 daAuts
